[Event "Titled Tuesday Blitz November 15 Early 2022"]
[White "Sanal, Vahap"]
[Black "Osinovsky, Stepan"]
[WhiteFideId "6300545"]
[BlackFideId "4157354"]
[WhiteElo "2574"]
[BlackElo "2222"]
[Result "1/2-1/2"]
[Round "03"]
[TimeControl "180+1"]
[Date "2022.11.16"]
[WhiteClock "0:01:09"]
[BlackClock "0:00:05"]

1. Nf3 Nf6 2. b3 g6 3. Bb2 Bg7 4. g3 O-O 5. Bg2 d6 6. d4 Nbd7 7. O-O e5 8. dxe5 Ng4 9. c4 Ngxe5 10. Nxe5 Nxe5 11. Nc3 Re8 12. Qd2 h5 13. Rad1 Nc6 14. Nd5 Be6 15. Bxg7 Kxg7 16. Qb2+ f6 17. c5 dxc5 18. Nb6 axb6 19. Rxd8 Raxd8 20. h4 Bg4 21. e3 Rd6 22. Qc3 Red8 23. Be4 Ne5 24. a4 Nf3+ 25. Kg2 Nd2 26. Bxb7 Nxf1 27. Kxf1 c6 28. Kg2 R8d7 29. Ba6 Rd2 30. a5 Ra2 31. Bc8 Rdd2 32. Bxg4 Rxf2+ 33. Kg1 Rfc2 34. Qe1 Rg2+ 35. Kf1 hxg4 36. axb6 Rh2 37. Kg1 Rag2+ 38. Kf1 Ra2 39. Kg1 Rhg2+ 40. Kh1 Rh2+ 41. Kg1 1/2-1/2


[Site "https://www.chess.com"]

[Event "Titled Tuesday Blitz November 15 Early 2022"]
[White "Sanchez Enriquez, Oscar Gerardo"]
[Black "Fernandez De La Vara, Arnaldo"]
[WhiteFideId "5106311"]
[BlackFideId "3518388"]
[WhiteElo "2375"]
[BlackElo "2387"]
[Result "1-0"]
[Round "03"]
[TimeControl "180+1"]
[Date "2022.11.16"]
[WhiteClock "0:00:18"]
[BlackClock "0:00:03"]

1. e4 c5 2. Nf3 e6 3. g3 Nc6 4. Bg2 Nf6 5. Qe2 d6 6. O-O e5 7. c3 Be7 8. Rd1 O-O 9. h3 Qc7 10. Na3 a6 11. d4 exd4 12. cxd4 b5 13. d5 Ne5 14. Nxe5 dxe5 15. Bg5 Ne8 16. Be3 c4 17. Nc2 Bc5 18. Rac1 Nd6 19. b3 Bd7 20. Ne1 Rfc8 21. Nf3 f6 22. bxc4 Bxe3 23. Qxe3 Nxc4 24. Qe1 Qa5 25. Qe2 Qa3 26. d6 Rc6 27. Nh4 Rxd6 28. Rxd6 Qxd6 29. Rd1 Qe7 30. a4 Rd8 31. Rb1 g6 32. axb5 axb5 33. Kh2 Bc6 34. Nf3 Kg7 35. h4 h5 36. Bh3 Qc5 37. Bf1 Nd6 38. Nd2 Qd4 39. Bg2 Nc4 40. Nb3 Qd3 41. Qe1 Qc2 42. Kg1 Rd3 43. Nc5 Rd2 44. Bf1 Rd4 45. Ne6+ Kf7 46. Nxd4 exd4 47. Qb4 d3 48. Ra1 Nd2 49. Ra7+ Kg8 50. Qe7 Nf3+ 51. Kg2 Ne1+ 52. Kh3 1-0


[Site "https://www.chess.com"]

[Event "Titled Tuesday Blitz November 15 Early 2022"]
[White "Sanchez, Robert"]
[Black "Sharifov, Mekhriddin"]
[WhiteFideId "2034360"]
[BlackFideId "14701545"]
[WhiteElo "2296"]
[BlackElo "2109"]
[Result "0-1"]
[Round "03"]
[TimeControl "180+1"]
[Date "2022.11.16"]
[WhiteClock "0:00:13"]
[BlackClock "0:00:40"]

1. e4 c5 2. Nf3 a6 3. Nc3 d6 4. d4 cxd4 5. Nxd4 Nf6 6. Be3 e5 7. Nb3 Be6 8. f3 Be7 9. Qd2 O-O 10. O-O-O Nbd7 11. g4 b5 12. g5 Nh5 13. Nd5 Bxd5 14. exd5 f6 15. gxf6 Bxf6 16. Kb1 Nf4 17. h4 Nb6 18. Bxf4 exf4 19. Na5 Nc4 20. Bxc4 bxc4 21. Nxc4 Rb8 22. b3 Qc7 23. Qxf4 Be5 24. Qg4 Bf4 25. Rd4 Bh6 26. Qe6+ Kh8 27. Qxd6 Qa7 28. Rhd1 Rxf3 29. Ne5 Rf6 30. Nc6 Rxd6 31. Nxa7 Be3 32. Nc6 Bxd4 33. Nxb8 Bf6 34. h5 g5 35. hxg6 hxg6 36. c4 g5 37. c5 Rd8 38. Nc6 Rc8 39. b4 Kh7 40. Kc2 Kg6 41. Kd3 g4 42. Ke4 Kg5 43. Rf1 Re8+ 44. Kd3 g3 45. d6 Rg8 46. d7 g2 47. Rg1 Kf5 48. Kc4 Ke4 49. d8=Q Bxd8 50. Nxd8 Ke3 51. a4 Kf2 52. Rxg2+ Kxg2 53. Nc6 Kf3 54. b5 axb5+ 55. axb5 Ke4 56. b6 Rg7 57. Kb5 Kd5 58. Nb4+ Ke6 59. c6 Kd6 60. Na6 Rg5+ 61. Ka4 Kxc6 62. b7 Kxb7 63. Nb4 Kb6 0-1


[Site "https://www.chess.com"]

[Event "Titled Tuesday Blitz November 15 Early 2022"]
[White "Saravana, Krishnan P."]
[Black "Rakhmanov, Aleksandr"]
[WhiteFideId "5018382"]
[BlackFideId "4173708"]
[WhiteElo "2155"]
[BlackElo "2530"]
[Result "0-1"]
[Round "03"]
[TimeControl "180+1"]
[Date "2022.11.16"]
[WhiteClock "0:00:23"]
[BlackClock "0:00:25"]

1. e4 c5 2. Nf3 Nf6 3. e5 Nd5 4. Nc3 Nxc3 5. dxc3 Nc6 6. Bf4 Qb6 7. Rb1 Qc7 8. Bc4 e6 9. O-O h6 10. Re1 b6 11. Qd3 Bb7 12. Rbd1 O-O-O 13. Ba6 f5 14. h4 Be7 15. h5 Rdg8 16. Bxb7+ Qxb7 17. Nd2 g6 18. hxg6 Rxg6 19. Nc4 Nxe5 20. Qh3 Nxc4 21. b3 Na5 22. f3 Rhg8 23. Re2 Nc6 24. Bh2 Bd8 25. Red2 R8g7 26. Kh1 Bc7 27. Qh5 Bxh2 28. Qxh2 Qc7 29. Qh4 d5 30. Re1 Kb7 31. Qh3 Qf4 32. Rde2 e5 0-1


[Site "https://www.chess.com"]

[Event "Titled Tuesday Blitz November 15 Early 2022"]
[White "Sarkar, Justin"]
[Black "Garcia Ramos, Daniel"]
[WhiteFideId "2010011"]
[BlackFideId "32010311"]
[WhiteElo "2239"]
[BlackElo "2357"]
[Result "0-1"]
[Round "03"]
[TimeControl "180+1"]
[Date "2022.11.16"]
[WhiteClock "0:00:01"]
[BlackClock "0:01:23"]

1. d4 d5 2. c4 e6 3. Nc3 Nf6 4. Nf3 c5 5. cxd5 Nxd5 6. e3 Be7 7. Bd3 O-O 8. O-O Nxc3 9. bxc3 Nc6 10. Qc2 h6 11. Bh7+ Kh8 12. Be4 Qc7 13. Bb2 b6 14. dxc5 Bxc5 15. c4 f5 16. Bxc6 Qxc6 17. Ne5 Qe8 18. e4 Bb7 19. exf5 exf5 20. Rae1 Qh5 21. Kh1 Rad8 22. f3 Bd4 23. Rd1 Bxb2 0-1


[Site "https://www.chess.com"]

[Event "Titled Tuesday Blitz November 15 Early 2022"]
[White "Schmakel, Sam"]
[Black "Alekseenko, Kirill"]
[WhiteFideId "2039311"]
[BlackFideId "4135539"]
[WhiteElo "2356"]
[BlackElo "2682"]
[Result "0-1"]
[Round "03"]
[TimeControl "180+1"]
[Date "2022.11.15"]
[WhiteClock "0:00:13"]
[BlackClock "0:01:06"]

1. d4 d5 2. c4 dxc4 3. e3 e5 4. Bxc4 Nc6 5. Nf3 e4 6. Nfd2 Qg5 7. g3 Nf6 8. Nc3 Qg6 9. a3 Bd6 10. b4 Bf5 11. Nd5 Nxd5 12. Bxd5 O-O 13. Bb2 a5 14. b5 Ne7 15. Bc4 Rad8 16. Qc2 h5 17. O-O-O c6 18. Kb1 Rc8 19. Qb3 Nd5 20. h3 Be6 21. g4 a4 22. Qa2 Rfd8 23. Ka1 Be7 24. bxc6 bxc6 25. gxh5 Qf5 26. Rdf1 c5 27. dxc5 Rxc5 28. Rhg1 Bf6 29. Qb1 Nc3 30. Qc2 Bxc4 0-1


[Site "https://www.chess.com"]

[Event "Titled Tuesday Blitz November 15 Early 2022"]
[White "Seemann, Jakub"]
[Black "Marcolino, Daniel Mattos"]
[WhiteFideId "21874697"]
[BlackFideId "2106841"]
[WhiteElo "2275"]
[BlackElo "2130"]
[Result "1-0"]
[Round "03"]
[TimeControl "180+1"]
[Date "2022.11.16"]
[WhiteClock "0:01:33"]
[BlackClock "0:01:38"]

1. Nf3 d5 2. g3 Nf6 3. Bg2 e6 4. O-O b6 5. b3 Bb7 6. Bb2 Be7 7. c4 O-O 8. Qc2 c5 9. Rd1 Nbd7 10. d4 Qc7 11. Nbd2 Rac8 12. Rac1 cxd4 13. Nxd4 dxc4 14. bxc4 Bxg2 15. Kxg2 Nc5 16. N2b3 Rfd8 17. Kg1 Qb7 18. Nxc5 Bxc5 19. Nb3 Be7 20. Rxd8+ Rxd8 21. Rd1 Rxd1+ 22. Qxd1 Qd7 23. Qd3 Kf8 24. Bxf6 Qxd3 25. Bxe7+ Kxe7 26. exd3 Kd6 1-0


[Site "https://www.chess.com"]

[Event "Titled Tuesday Blitz November 15 Early 2022"]
[White "Shapiro, Daniel"]
[Black "Rodriguez Fontecha, Marcos"]
[WhiteFideId "2001780"]
[BlackFideId "2256576"]
[WhiteElo "2291"]
[BlackElo "2263"]
[Result "0-1"]
[Round "03"]
[TimeControl "180+1"]
[Date "2022.11.16"]
[WhiteClock "0:00:16"]
[BlackClock "0:01:36"]

1. d4 d5 2. c4 Nc6 3. cxd5 Qxd5 4. e3 e5 5. Nc3 Bb4 6. Bd2 Bxc3 7. Bxc3 exd4 8. Ne2 Nf6 9. Nxd4 O-O 10. Nb5 Qg5 11. Nxc7 Bg4 12. Qb3 Rac8 13. Nb5 Ne4 14. Be2 Bxe2 15. Kxe2 Qxg2 16. Raf1 Qg4+ 17. Ke1 Ng5 18. f3 Nxf3+ 19. Kf2 Nh4 20. Qd5 Rfd8 21. h3 Qg6 22. Rhg1 Rxd5 23. Rxg6 hxg6 24. a4 Rf5+ 25. Ke2 Rxf1 26. Kxf1 Nf5 0-1


[Site "https://www.chess.com"]

[Event "Titled Tuesday Blitz November 15 Early 2022"]
[White "Shipov, Sergei"]
[Black "Storey, Charles H"]
[WhiteFideId "4113624"]
[BlackFideId "406686"]
[WhiteElo "2766"]
[BlackElo "2252"]
[Result "1-0"]
[Round "03"]
[TimeControl "180+1"]
[Date "2022.11.16"]
[WhiteClock "0:00:37"]
[BlackClock "0:00:02"]

1. d4 g6 2. c4 Bg7 3. Nc3 c5 4. d5 d6 5. e4 Nf6 6. Bd3 e5 7. h3 h5 8. Nf3 Nbd7 9. O-O O-O 10. Bg5 a6 11. a3 a5 12. Rb1 b6 13. Re1 Re8 14. Qd2 Nf8 15. b4 axb4 16. axb4 Qd7 17. bxc5 bxc5 18. Rb6 Ra6 19. Reb1 Rxb6 20. Rxb6 N6h7 21. Nb5 Nxg5 22. Qxg5 Nh7 23. Qe3 Bf8 24. Bc2 Qd8 25. Rb8 Qa5 26. Qc3 Qa2 27. Rb6 Rd8 28. Qb3 Qa5 29. Rb8 Kg7 30. Qa3 Qxa3 31. Nxa3 Be7 32. Nb5 Ba6 33. Rxd8 Bxd8 34. Nxd6 f6 35. Ba4 Nf8 36. Bb5 Be7 37. Bxa6 Bxd6 38. Bc8 Kf7 39. h4 Ke7 40. Ne1 Nd7 41. Bxd7 Kxd7 42. Nd3 Kc7 43. Nc1 Kd7 44. Nb3 f5 45. g3 Ke7 46. Kg2 Kf6 47. Kf3 g5 48. hxg5+ Kxg5 49. exf5 Kxf5 50. Nd2 Be7 51. Ne4 Kg6 52. d6 Bf8 53. d7 Be7 54. Nxc5 Kf5 55. Nb7 e4+ 56. Ke2 Ke6 57. d8=Q 1-0


[Site "https://www.chess.com"]

[Event "Titled Tuesday Blitz November 15 Early 2022"]
[White "Shlyakhetsky, Vladimir"]
[Black "Flis, Pawel"]
[WhiteFideId "2805928"]
[BlackFideId "1112864"]
[WhiteElo "2168"]
[BlackElo "1817"]
[Result "0-1"]
[Round "03"]
[TimeControl "180+1"]
[Date "2022.11.16"]
[WhiteClock "0:00:22"]
[BlackClock "0:00:19"]

1. d4 c5 2. Nf3 cxd4 3. Nxd4 d5 4. c4 e5 5. Nf3 d4 6. e3 Nc6 7. exd4 Nxd4 8. Nxd4 exd4 9. Nd2 Nf6 10. Nf3 Bg4 11. Qxd4 Bxf3 12. Qxd8+ Rxd8 13. gxf3 Bb4+ 14. Ke2 O-O 15. Be3 Rfe8 16. Rd1 Rxd1 17. Kxd1 b6 18. Kc2 Nd7 19. a3 Bc5 20. Bd3 Bxe3 21. Re1 Re6 22. Rxe3 Rh6 23. Re7 Nf8 24. Rxa7 Rxh2 25. Rb7 Rxf2+ 26. Kc3 h5 27. Rxb6 h4 28. Rb5 g6 29. Re5 Rxf3 30. a4 Ne6 31. a5 Nf4 32. Re8+ Kg7 33. Rd8 h3 34. a6 h2 35. a7 h1=Q 36. a8=Q Rxd3+ 0-1


[Site "https://www.chess.com"]

[Event "Titled Tuesday Blitz November 15 Early 2022"]
[White "Shohat, Yotam"]
[Black "Barria Zuniga, Daniel"]
[WhiteFideId "2813955"]
[BlackFideId "3400816"]
[WhiteElo "2216"]
[BlackElo "2414"]
[Result "0-1"]
[Round "03"]
[TimeControl "180+1"]
[Date "2022.11.16"]
[WhiteClock "0:00:04"]
[BlackClock "0:00:21"]

1. d4 g6 2. e4 Bg7 3. Nc3 c5 4. Be3 Qa5 5. Ne2 Nf6 6. f3 d6 7. Qd2 Nc6 8. O-O-O b5 9. Kb1 Rb8 10. dxc5 b4 11. Nd5 Nxd5 12. exd5 b3 13. Qxa5 bxc2+ 14. Kxc2 Rxb2+ 15. Kc1 Nxa5 16. Bd4 Bxd4 17. Nxd4 Rxa2 18. Bb5+ Kf8 19. c6 e5 20. dxe6 Bxe6 21. Nxe6+ fxe6 22. Rxd6 Ke7 23. Rd7+ Kf6 24. Rhd1 Rb8 25. c7 Rc8 26. Ba6 Nb3+ 27. Kb1 Rxa6 28. Rxh7 Rc6 29. Rdd7 Nc5 30. Rdf7+ Ke5 31. f4+ Ke4 32. g4 Na6 33. h4 R8xc7 34. h5 gxh5 35. gxh5 Rxf7 36. Rxf7 Rc8 37. Rxa7 Nc5 38. h6 Kxf4 39. h7 Rh8 40. Kc2 Ke5 41. Kc3 Ne4+ 42. Kc4 Nf6 43. Ra5+ Kf4 44. Ra6 Kf5 45. Ra5+ e5 0-1


[Site "https://www.chess.com"]

[Event "Titled Tuesday Blitz November 15 Early 2022"]
[White "Skliarov, Viktor"]
[Black "Pein, Jonathan"]
[WhiteFideId "14106736"]
[BlackFideId "417092"]
[WhiteElo "2284"]
[BlackElo "2227"]
[Result "0-1"]
[Round "03"]
[TimeControl "180+1"]
[Date "2022.11.16"]
[WhiteClock "0:00:03"]
[BlackClock "0:01:03"]

1. e4 e5 2. Nc3 Nc6 3. Bc4 Na5 4. Bxf7+ Kxf7 5. Qh5+ g6 6. Qxe5 Nc6 7. Qxh8 Bg7 8. Qxh7 Nd4 9. Nf3 Nxc2+ 10. Kd1 Nxa1 11. d4 d5 12. Ne5+ Kf8 13. Nxg6+ Kf7 14. Ne5+ Kf8 15. exd5 Nf6 16. Qg6 Qe8 17. Qb1 Qh5+ 18. f3 Nd7 19. Nxd7+ Bxd7 20. Qxa1 Bh3 21. gxh3 Qxf3+ 22. Kc2 Qxh1 23. a4 Re8 24. Qa3+ Kg8 25. Bf4 Bxd4 26. Qb4 Qg2+ 27. Kb3 Bxc3 28. Qxc3 Qxd5+ 29. Ka3 Re4 30. Qg3+ Kf7 31. Bxc7 Qc5+ 32. Ka2 Rxa4+ 33. Kb3 Qc4# 0-1


[Site "https://www.chess.com"]

[Event "Titled Tuesday Blitz November 15 Early 2022"]
[White "Slugin, Sergey"]
[Black "Indjic, Aleksandar"]
[WhiteFideId "4122569"]
[BlackFideId "911925"]
[WhiteElo "2330"]
[BlackElo "2592"]
[Result "0-1"]
[Round "03"]
[TimeControl "180+1"]
[Date "2022.11.15"]
[WhiteClock "0:00:19"]
[BlackClock "0:01:01"]

1. Nf3 g6 2. g3 Bg7 3. d4 d6 4. Bg2 Nd7 5. O-O e5 6. e4 Ngf6 7. Nc3 O-O 8. a4 c6 9. h3 a5 10. Re1 Re8 11. Be3 Qc7 12. Qd2 exd4 13. Bxd4 Ne5 14. Nxe5 dxe5 15. Bc5 Bf8 16. Bxf8 Rxf8 17. Rad1 Be6 18. Qe3 Rfd8 19. Bf1 Kg7 20. b3 h5 21. h4 Bg4 22. f3 Be6 23. Kg2 Rxd1 24. Rxd1 Rd8 25. Rxd8 Qxd8 26. Kf2 Qd6 27. Ke1 Nd7 28. Qd2 Qc5 29. Nd1 Kf8 30. Ne3 Ke7 31. Qf2 Qd4 32. Qd2 Qc5 33. Qf2 b5 34. axb5 cxb5 35. Kd1 a4 36. bxa4 bxa4 37. Kc1 a3 38. Nd5+ Bxd5 39. Qxc5+ Nxc5 40. exd5 Na4 41. c4 a2 0-1


[Site "https://www.chess.com"]

[Event "Titled Tuesday Blitz November 15 Early 2022"]
[White "Smietanska, Wiktoria"]
[Black "Petrovic, Aleksa"]
[WhiteFideId "21869359"]
[BlackFideId "967629"]
[WhiteElo "1695"]
[BlackElo "2224"]
[Result "1-0"]
[Round "03"]
[TimeControl "180+1"]
[Date "2022.11.16"]
[WhiteClock "0:00:07"]
[BlackClock "0:00:03"]

1. c4 Nf6 2. Nc3 e6 3. e4 d5 4. e5 Nfd7 5. d4 c5 6. cxd5 exd5 7. Nf3 cxd4 8. Qxd4 Bc5 9. Qxd5 O-O 10. Be2 Nc6 11. O-O Qa5 12. a3 Nb6 13. Qe4 g6 14. Bh6 Bf5 15. Qh4 Be7 16. Qf4 Rfe8 17. b4 Nxb4 18. axb4 Qxb4 19. Qxb4 Bxb4 20. Nb5 Rac8 21. Nxa7 Rc2 22. Bb5 Ra8 23. Nd4 Rc5 24. Nxf5 gxf5 25. Bd3 Bc3 26. Ra2 Bxe5 27. Re1 f6 28. Ree2 f4 29. h3 Rc1+ 30. Kh2 f3+ 31. Rxe5 Rc3 32. Re3 Nd5 33. Rxf3 Nb4 34. Rg3+ Kf7 35. Rd2 Rxd3 36. Rdxd3 Nxd3 37. Rxd3 Rxa7 38. Rd7+ Kg6 39. Be3 Ra2 40. Rxb7 Ra6 41. Rb6 Ra4 42. Kg3 Re4 43. Kf3 Re8 44. g4 h5 45. gxh5+ Kxh5 46. Rxf6 Rh8 47. Rf5+ Kg6 48. Rg5+ Kf6 49. Kg3 Rh7 50. Rg4 Kf5 51. h4 Rh8 52. Rg5+ Kf6 53. Kg4 Kf7 54. h5 Ra8 55. Rf5+ Kg8 56. h6 Kh7 57. Kh5 Ra7 58. Bxa7 Kh8 59. Rf8+ Kh7 60. Rf7+ Kg8 61. Rg7+ Kh8 62. Rb7 Kg8 63. h7+ Kh8 64. Bd4# 1-0


[Site "https://www.chess.com"]

[Event "Titled Tuesday Blitz November 15 Early 2022"]
[White "Sowul, Bartosz"]
[Black "Aradhya, Garg"]
[WhiteFideId "1137590"]
[BlackFideId "25006746"]
[WhiteElo "2188"]
[BlackElo "2223"]
[Result "1-0"]
[Round "03"]
[TimeControl "180+1"]
[Date "2022.11.16"]
[WhiteClock "0:00:28"]
[BlackClock "0:00:27"]

1. e4 e5 2. Nf3 Nc6 3. Bb5 a6 4. Bxc6 dxc6 5. O-O Bd6 6. d4 exd4 7. Qxd4 f6 8. Be3 Ne7 9. Nbd2 Be6 10. Qc3 Ng6 11. Rad1 Qe7 12. Nb3 Bxb3 13. Qxb3 O-O-O 14. Nd2 Rhf8 15. Rfe1 f5 16. exf5 Rxf5 17. Nc4 Bxh2+ 18. Kxh2 Qh4+ 19. Kg1 Rxd1 20. Rxd1 Rh5 21. Nd6+ cxd6 22. Qe6+ Kb8 23. Qxd6+ Ka8 24. Qd8+ Qxd8 25. Rxd8# 1-0


[Site "https://www.chess.com"]

[Event "Titled Tuesday Blitz November 15 Early 2022"]
[White "Sreyas Payyappat"]
[Black "Gurvich, Vitaly"]
[WhiteFideId "46674969"]
[BlackFideId "24164852"]
[WhiteElo "2083"]
[BlackElo "2342"]
[Result "1-0"]
[Round "03"]
[TimeControl "180+1"]
[Date "2022.11.16"]
[WhiteClock "0:00:06"]
[BlackClock "0:00:03"]

1. e4 c6 2. d4 d5 3. Nc3 dxe4 4. Nxe4 Nf6 5. Nxf6+ exf6 6. Bc4 Bd6 7. Qe2+ Be7 8. Nf3 O-O 9. O-O Bd6 10. Re1 Nd7 11. c3 Nb6 12. Bd3 Bg4 13. h3 Bh5 14. g4 Bg6 15. Bxg6 hxg6 16. g5 Qd7 17. Kg2 Rae8 18. Be3 Qf5 19. Qd2 Nc4 20. Qc1 fxg5 21. Bxg5 Rxe1 22. Qxe1 Nxb2 23. Qe3 Nc4 24. Qe2 Qd5 25. Re1 b5 26. Kg1 a5 27. Bc1 f6 28. Nh4 Qf7 29. Qg4 g5 30. Nf5 Kh7 31. h4 gxh4 32. Qxh4+ Kg8 33. Re4 Qg6+ 34. Qg4 Qxg4+ 35. Rxg4 Kf7 36. Rxg7+ Ke6 37. Nxd6 Nxd6 38. Rc7 Kd5 39. Bf4 Ne4 40. f3 Nxc3 41. Rd7+ Kc4 42. Bd6 Re8 43. Bc5 a4 44. Rd6 Nxa2 45. Rxc6 Kb3 46. Rxf6 b4 47. Rb6 Kc4 48. f4 a3 49. f5 Re4 50. f6 Rf4 51. Kg2 Rf5 52. Kg3 Rf2 53. Kxf2 Kd3 54. f7 Nc3 55. f8=Q Ne4+ 56. Kg2 a2 57. Qf3+ Kc4 58. Qe2+ Kd5 59. Qxa2+ b3 60. Qxb3# 1-0


[Site "https://www.chess.com"]

[Event "Titled Tuesday Blitz November 15 Early 2022"]
[White "Suder, Jakub"]
[Black "Rios Escobar, Adan"]
[WhiteFideId "1195310"]
[BlackFideId "3403645"]
[WhiteElo "2243"]
[BlackElo "2357"]
[Result "1-0"]
[Round "03"]
[TimeControl "180+1"]
[Date "2022.11.16"]
[WhiteClock "0:00:57"]
[BlackClock "0:00:01"]

1. d4 Nf6 2. c4 g6 3. Nc3 Bg7 4. e4 d6 5. Nf3 O-O 6. Be2 Na6 7. O-O e5 8. Be3 Qe7 9. dxe5 dxe5 10. Qc2 c6 11. a3 Ng4 12. Bg5 f6 13. Bd2 f5 14. h3 Nf6 15. exf5 Bxf5 16. Qc1 Nc5 17. Qd1 Rad8 18. b4 Nce4 19. Qc1 Nxd2 20. Nxd2 Bh6 21. Ra2 Rd4 22. Qe1 e4 23. Nb3 Rdd8 24. Kh1 Qe6 25. Nc5 Qc8 26. g4 Nxg4 27. hxg4 Bxg4 28. N5xe4 Bxe2 29. Qxe2 Qh3+ 30. Kg1 Bf4 31. f3 Rd3 32. Qxd3 Bg3 33. Rg2 Bh4 34. Ne2 1-0


[Site "https://www.chess.com"]

[Event "Titled Tuesday Blitz November 15 Early 2022"]
[White "Svane, Rasmus"]
[Black "Kryakvin, Dmitry"]
[WhiteFideId "4657101"]
[BlackFideId "4153278"]
[WhiteElo "2674"]
[BlackElo "2414"]
[Result "1-0"]
[Round "03"]
[TimeControl "180+1"]
[Date "2022.11.15"]
[WhiteClock "0:00:12"]
[BlackClock "0:00:01"]

1. Nf3 d5 2. g3 g6 3. Bg2 Bg7 4. d4 c6 5. O-O Nf6 6. c4 dxc4 7. a4 a5 8. Na3 Na6 9. Nxc4 Nb4 10. b3 Bf5 11. Ne1 O-O 12. Ba3 Be4 13. Bxb4 axb4 14. e3 Bxg2 15. Kxg2 Nd5 16. Rc1 Nc3 17. Qf3 b5 18. Nb2 bxa4 19. Nxa4 Nxa4 20. bxa4 Rxa4 21. Qxc6 Qa8 22. Nd3 Rb8 23. Qxa8 Raxa8 24. Rc4 b3 25. Rb1 Ra3 26. Rc3 h5 27. Nc5 e5 28. Rcxb3 Raxb3 29. Rxb3 Rxb3 30. Nxb3 exd4 31. exd4 Kf8 32. Kf3 Ke7 33. Ke4 Kd6 34. Nc1 f5+ 35. Kd3 g5 36. Ne2 Bf6 37. h3 g4 38. h4 Bd8 39. Nf4 Ba5 40. Nxh5 Be1 41. Ke2 Bc3 42. Ke3 Kd5 43. Kf4 Bxd4 44. Kxf5 Bxf2 45. Kxg4 Ke6 46. Kf3 Be1 47. Nf4+ Kf6 48. Ng2 Bc3 49. Kg4 Kg6 50. Nf4+ Kh6 51. Kf5 Be1 52. Kg4 Bf2 53. Nd3 Be3 54. Kf5 Kh5 55. Ke4 Ba7 56. Kf3 Kh6 57. g4 Bb6 58. Nf4 Bd8 59. Kg3 Be7 60. Kh3 Bd8 61. Ne6 Be7 62. Nd4 Kg6 63. Nf3 Bd8 64. Ne5+ Kf6 65. Nc6 Bc7 66. g5+ Kf5 67. Nd4+ Kg6 68. Kg4 Bd8 69. h5+ Kf7 70. Kf5 Bb6 71. Ne6 Ba5 72. g6+ Ke7 73. h6 Bc3 74. h7 Bb2 75. g7 1-0


[Site "https://www.chess.com"]

[Event "Titled Tuesday Blitz November 15 Early 2022"]
[White "Szente Varga, Fruzsina"]
[Black "Ladan, Nicholas"]
[WhiteFideId "712264"]
[BlackFideId "30918855"]
[WhiteElo "1994"]
[BlackElo "2167"]
[Result "1-0"]
[Round "03"]
[TimeControl "180+1"]
[Date "2022.11.16"]
[WhiteClock "0:00:43"]
[BlackClock "0:00:31"]

1. e4 e5 2. Nf3 Nc6 3. Bb5 a6 4. Ba4 g6 5. O-O Bg7 6. c3 d6 7. h3 b5 8. Bb3 Nf6 9. Re1 O-O 10. d4 exd4 11. cxd4 Na5 12. Bc2 Re8 13. Nbd2 Bb7 14. a4 c5 15. axb5 axb5 16. d5 b4 17. Nb3 Nxb3 18. Rxa8 Qxa8 19. Bxb3 Nd7 20. Bf4 Ne5 21. Nxe5 Bxe5 22. Bxe5 Rxe5 23. f4 Re8 24. e5 dxe5 25. fxe5 Qa6 26. Qg4 h5 27. Qd7 Qa8 28. Rf1 Rf8 29. e6 c4 30. Rxf7 Qa7+ 31. Kh1 Rxf7 32. Qxf7+ Kh8 33. e7 1-0


[Site "https://www.chess.com"]

[Event "Titled Tuesday Blitz November 15 Early 2022"]
[White "Szpar, Milosz"]
[Black "Fathy, Elameir"]
[WhiteFideId "1184989"]
[BlackFideId "10600396"]
[WhiteElo "2422"]
[BlackElo "2311"]
[Result "0-1"]
[Round "03"]
[TimeControl "180+1"]
[Date "2022.11.16"]
[WhiteClock "0:01:07"]
[BlackClock "0:00:16"]

1. e4 c5 2. Nf3 d6 3. d4 cxd4 4. Nxd4 Nf6 5. Nc3 a6 6. Bg5 e6 7. f4 Be7 8. Qf3 Qc7 9. O-O-O Nbd7 10. g4 h6 11. Bxf6 Bxf6 12. h4 Nb6 13. Nde2 Bd7 14. g5 Be7 15. Bh3 O-O-O 16. Nd4 g6 17. Rhg1 hxg5 18. hxg5 Rxh3 19. Qxh3 e5 20. Qh7 exd4 21. Rxd4 d5 22. Nxd5 Nxd5 23. Rxd5 Qxf4+ 24. Kb1 Be6 25. Rxd8+ Bxd8 26. Qh8 Qxe4 27. Qc3+ Qc6 28. Qe5 Qd5 29. Qc3+ Kb8 30. b3 Bb6 31. Re1 Bd4 32. Qg3+ Ka7 33. Rd1 Qc5 34. Qh4 Bg7 35. Qg3 Bf5 36. Rd2 Be5 37. Qf2 Qxf2 38. Rxf2 Bd4 39. Rf3 Kb6 40. Kc1 Kc5 41. Kd2 Kd5 42. c3 Be5 43. c4+ Ke4 44. Rf2 Bf4+ 45. Kc3 Bxg5 46. b4 Bf6+ 47. Kb3 Bd4 48. Re2+ Kd3 49. Re7 b5 50. c5 Bf6 51. Re8 Be6+ 52. Ka3 Kc2 53. c6 Bb2# 0-1


[Site "https://www.chess.com"]

[Event "Titled Tuesday Blitz November 15 Early 2022"]
[White "Tanenbaum, Zachary"]
[Black "Lenderman, Aleksandr"]
[WhiteFideId "2060850"]
[BlackFideId "2021285"]
[WhiteElo "2175"]
[BlackElo "2607"]
[Result "1-0"]
[Round "03"]
[TimeControl "180+1"]
[Date "2022.11.15"]
[WhiteClock "0:00:49"]
[BlackClock "0:01:01"]

1. e4 g6 2. d4 Nf6 3. Nc3 d5 4. e5 Ne4 5. Bd3 Nxc3 6. bxc3 c5 7. Nf3 Nc6 8. O-O Bg4 9. dxc5 Bg7 10. Bf4 O-O 11. Re1 Qa5 12. Rb1 Qc7 13. h3 Bxf3 14. Qxf3 e6 15. c4 dxc4 16. Bxc4 Bxe5 17. Bxe5 Nxe5 18. Qf4 f6 19. Bxe6+ Kh8 20. Rbd1 Rae8 21. Qh6 Qxc5 22. Rd5 Qe7 23. Rexe5 fxe5 24. Rd7 Rf6 25. Rxe7 Rxe7 26. Bd5 e4 27. Qg5 Kg7 28. Qe3 b6 29. Bxe4 Rfe6 30. Qd4+ Kh6 31. f3 Re5 32. h4 Rc5 33. g4 Ree5 34. g5+ Kh5 35. Bd3 1-0


[Site "https://www.chess.com"]

[Event "Titled Tuesday Blitz November 15 Early 2022"]
[White "Tarasova, Viktoriya"]
[Black "Aggelis, Nikolaos"]
[WhiteFideId "4175840"]
[BlackFideId "4213220"]
[WhiteElo "2182"]
[BlackElo "2189"]
[Result "0-1"]
[Round "03"]
[TimeControl "180+1"]
[Date "2022.11.16"]
[WhiteClock "0:00:03"]
[BlackClock "0:00:38"]

1. d4 c6 2. c4 Nf6 3. Nc3 d5 4. Nf3 g6 5. e3 Bg7 6. Be2 O-O 7. O-O c5 8. dxc5 dxc4 9. Bxc4 Nbd7 10. c6 bxc6 11. Qc2 Nb6 12. Bd3 Nfd5 13. Nxd5 cxd5 14. Qe2 Bf5 15. Bxf5 gxf5 16. Rb1 e6 17. b3 a5 18. Ba3 Re8 19. Bb2 a4 20. Bxg7 Kxg7 21. Qb2+ Qf6 22. Rfc1 Qxb2 23. Rxb2 axb3 24. axb3 Rec8 25. Rcb1 Kf6 26. h3 e5 27. Nd2 Ke6 28. Kf1 Rc3 29. Ke2 h5 30. Nf3 f6 31. Nd2 Ra3 32. Nf1 Ra7 33. h4 f4 34. Kd2 Rac7 35. Ra1 fxe3+ 36. fxe3 R3c6 37. Ng3 Rg7 38. Ne2 Rxg2 39. Rg1 Rxg1 40. Nxg1 Kf5 41. Ne2 Kg4 42. Rb1 Kxh4 43. Rg1 Nd7 44. Ng3 Ra6 45. Nf5+ Kh3 46. Ng7 h4 47. Nf5 Ra2+ 48. Kc3 Nc5 49. b4 Ne4+ 50. Kb3 Rf2 51. Rh1+ Kg4 52. Rxh4+ Kxf5 53. b5 Rf1 54. Rh5+ Ke6 55. Kb4 Rb1+ 56. Ka5 Nc3 57. b6 Nd1 58. Rh1 Ra1+ 59. Kb5 Nc3+ 60. Kc6 Rxh1 61. b7 Rb1 62. Kc7 Rxb7+ 0-1


[Site "https://www.chess.com"]

[Event "Titled Tuesday Blitz November 15 Early 2022"]
[White "Tasev, Dejan"]
[Black "Fernandez Siles, Luis"]
[WhiteFideId "936618"]
[BlackFideId "2209420"]
[WhiteElo "2256"]
[BlackElo "2186"]
[Result "1-0"]
[Round "03"]
[TimeControl "180+1"]
[Date "2022.11.16"]
[WhiteClock "0:00:35"]
[BlackClock "0:00:08"]

1. e4 c5 2. Nf3 Nc6 3. Nc3 g6 4. d4 cxd4 5. Nxd4 Bg7 6. Be3 Nf6 7. Bc4 O-O 8. Bb3 d6 9. f3 Nd7 10. h4 Nb6 11. h5 Na5 12. hxg6 hxg6 13. Qe2 Nxb3 14. axb3 d5 15. O-O-O e5 16. exd5 exd4 17. Bxd4 Bxd4 18. Rxd4 Qf6 19. Rdh4 Bf5 20. g4 Rfe8 21. Rh8+ Qxh8 22. Rxh8+ Kxh8 23. Qh2+ Kg7 24. gxf5 Re1+ 25. Kd2 Rae8 26. fxg6 fxg6 27. Qh4 R1e7 28. Qd4+ Kh6 29. Ne4 Rd7 30. c4 Nc8 31. Nf6 1-0


[Site "https://www.chess.com"]